 Dungeon Crawl Stone Soup version 0.21.1-1-g345015f (webtiles) character file.

460 inc the Chiller (level 7, 0/41 HPs)
             Began as an Octopode Ice Elementalist on Apr 21, 2018.
             Slain by a crimson imp (1 damage)
             ... on level 5 of the Dungeon.
             The game lasted 00:06:23 (4185 turns).

inc the Chiller (Octopode Ice Elementalist)         Turns: 4185, Time: 00:06:25

Health: 0/41       AC:  1    Str:  8    XL:     7   Next: 7%
Magic:  10/10      EV: 13    Int: 19    God:
Gold:   219        SH:  0    Dex: 12    Spells: 9/10 levels left

rFire    . . .     SeeInvis .   g - +0 short sword
rCold    . . .     Gourm    .   (no shield)
rNeg     . . .     Faith    .   (helmet restricted)
rPois    .         Spirit   .   (no amulet)
rElec    .         Reflect  .   (no ring)
rCorr    .         Harm     .   (no ring)
MR       .....                  (no ring)
Stlth    ++........             (no ring)
HPRegen  0.13/turn              (no ring)
MPRegen  0.12/turn              (no ring)
                                (no ring)
                                (no ring)

@: confused, lethally poisoned (0 -> -6)
A: almost no armour, stealthy swim, amphibious, 8 rings, constrict 8, camouflage
1, gelatinous body 1
a: no special abilities


You were on level 5 of the Dungeon.
You were not hungry.

You visited 1 branch of the dungeon, and saw 5 of its levels.

You collected 219 gold pieces.

Inventory:

Hand Weapons
 g - a +0 short sword (weapon)
Jewellery
 d - an uncursed ring of protection from cold {unknown}
 m - an uncursed ring of ice {unknown}
Scrolls
 f - 5 scrolls of identify {unknown}
 h - 4 scrolls of remove curse {unknown}
 n - a scroll of enchant armour {unknown}
 o - 2 scrolls of enchant weapon {unknown}
 t - a scroll of random uselessness {unknown}
 u - a scroll of fog {unknown}
 v - a scroll of teleportation {unknown}
 w - a scroll of fear {unknown}
Potions
 e - a potion of curing
 i - a potion of mutation {unknown}
 j - a potion of flight
 l - a potion of heal wounds {unknown}
 p - a potion of lignification {unknown}
 q - a potion of agility {unknown}
 r - a potion of brilliance {unknown}
 s - 2 potions of magic
Books
 a - a book of Frost

   Spells                             Type                      Level
   a - Freeze                         Ice                          1
   b - Throw Frost                    Conjuration/Ice              2
   c - Ozocubu's Armour               Charms/Ice                   3
   d - Throw Icicle                   Conjuration/Ice              4
   e - Summon Ice Beast               Ice/Summoning                4
Comestibles
 b - 9 rations


   Skills:
 - Level 2.0 Dodging
 - Level 2.6 Stealth
 + Level 2.0 Spellcasting
   Level 1.0 Conjurations
 - Level 7.8 Ice Magic


You had 9 spell levels left.
You knew the following spells:

 Your Spells              Type           Power        Failure   Level  Hunger
a - Freeze                Ice            ####         1%          1    #......


Dungeon Overview and Level Annotations

Branches:
Dungeon (5/15)
 Temple: D:4-7

Altars:
Dithmenos
Hepliaklqana
Ru
Uskayaw
Wu Jian
The Shining One

Shops:
D:4 !


Innate Abilities, Weirdness & Mutations

You cannot wear most types of armour.
You are very stealthy in the water. (Stealth+)
You are amphibious.
You can wear up to eight rings at the same time.
You can use your tentacles to constrict eight enemies at once.
Your skin changes colour to match your surroundings (Stealth+).
Your rubbery body absorbs attacks. (AC +1, EV +1)


Message History

The crimson imp closely misses you.
You see here a notched brass ring.
Okay, then.
It was a potion of flight.
You feel very buoyant.
You fly up into the air.
The crimson imp closely misses you.
The orc priest looks braver for a moment.
It was a potion of cancellation.
Your magical effects are unravelling.
You feel magically purged.
You float gracefully downwards.
The crimson imp shouts, "Decamp, thou foppish beef-witted zombie-fodder!"
The crimson imp barely misses you.
An orc comes into view. It is wielding a dagger.
You are confused.
You feel invigorated.
The orc priest hits you with a short sword of venom.
* * * LOW HITPOINT WARNING * * *
You are lethally poisoned!
The crimson imp hits you.
You die...

#######.....###' ###
########......##. ..
.......'..)....#. ####.
########.......##
#....## #.............#
##.##..###.###########.#
.........^.# #.#
#.....#..## #..
#...5@#...# ##.
#...#(.o.##.# #.
.#..#.......# ##
#.....o....# #
...#.........# # .
#....##.....# # .......
.....# # #....##o.
##...# #.... .##. ...#


You could see 2 orc priests, a crimson imp and an orc (wandering).

Vanquished Creatures
  A scorpion (D:4)
  A howler monkey (D:4)
  A hound (D:2)
  An iguana (D:4)
  Jessica (D:3)
  2 orc wizards (D:4)
  2 worker ants (D:4)
  8 adders
  A shadow imp (D:5)
  3 oozes
  2 worms
  2 dart slugs
  2 leopard geckos
  7 orcs (D:4)
  4 giant cockroaches
  4 goblins
  6 hobgoblins
  2 jackals (D:1)
  3 quokkas
  A ball python (D:1)
  8 bats
  5 frilled lizards
  8 kobolds
  12 rats
87 creatures vanquished.

Notes
Turn   | Place    | Note
-------+----------+-------------------------------------------
     0 | D:1      | inc the Octopode Ice Elementalist began the quest for the Orb.
     0 | D:1      | Reached XP level 1. HP: 11/11 MP: 3/3
   165 | D:1      | Reached XP level 2. HP: 17/17 MP: 3/5
   619 | D:1      | Reached skill level 4 in Ice Magic
   619 | D:1      | Reached XP level 3. HP: 17/21 MP: 3/6
  1021 | D:2      | Found an ornate altar of the Wu Jian Council.
  1408 | D:2      | Found a shadowy altar of Dithmenos.
  1524 | D:2      | Reached skill level 5 in Ice Magic
  1524 | D:2      | Reached XP level 4. HP: 13/27 MP: 5/7
  2039 | D:3      | Reached XP level 5. HP: 31/31 MP: 6/8
  2274 | D:3      | Found a sacrificial altar of Ru.
  2279 | D:3      | Found a hide-covered altar of Uskayaw.
  2382 | D:3      | Noticed Jessica
  2387 | D:3      | Killed Jessica
  2387 | D:3      | Reached skill level 6 in Ice Magic
  2760 | D:4      | Reached XP level 6. HP: 12/36 MP: 7/9
  3195 | D:4      | Found Laong's Distillery.
  3244 | D:4      | Reached skill level 7 in Ice Magic
  3351 | D:4      | Found a hazy altar of Hepliaklqana.
  3838 | D:4      | Reached XP level 7. HP: 41/41 MP: 7/10
  4075 | D:5      | Entered Level 5 of the Dungeon
  4121 | D:5      | Found a glowing golden altar of the Shining One.
  4182 | D:5      | HP: 2/41 [orc priest/nerve-wracking pain (14)]
  4185 | D:5      | Slain by a crimson imp

Skill      XL: |  1  2  3  4  5  6 |
---------------+-------------------+-----
Ice Magic      | 4 5 6 7 |  7.8
Dodging        | |  2.0
Stealth        | |  2.6
Spellcasting   | |  2.0
Conjurations   | |  1.0

Action                   |  1- 3 |  4- 6 |  7- 9 || total
-------------------------+-------+-------+-------++-------
Melee: Unarmed           |     4 |       |       ||     4
       Constrict         |    19 |    13 |     1 ||    33
       Tentacles         |     5 |     3 |     2 ||    10
       Short sword       |    66 |    42 |     8 ||   116
 Cast: Freeze            |    28 |    63 |     6 ||    97
  Use: Potion            |       |     3 |     3 ||     6
 Stab: Sleeping          |    10 |    12 |       ||    22
  Eat: Chunk             |     2 |     7 |     2 ||    11
Armor: Skin              |     9 |     7 |     1 ||    17
Dodge: Dodged            |    80 |    60 |    13 ||   153
